 Dungeon Crawl Stone Soup version 0.19-a0-1908-g43c011f (webtiles) character file.

1662 poirepourri the Zephyrmancer (level 9, 0/46 HPs)
             Began as a Tengu Air Elementalist on Oct 22, 2016.
             Was an Initiate of Vehumet.
             Slain by an orc wizard
             ... wielding a +0 dagger
              (1 damage)
             ... on level 6 of the Dungeon.
             The game lasted 00:13:16 (7842 turns).

poirepourri the Zephyrmancer (TeAE)                 Turns: 7842, Time: 00:13:17

Health: 0/46       AC:  3    Str:  9    XL:     9   Next: 0%
Magic:  28/28      EV: 13    Int: 18    God:    Vehumet [......]
Gold:   292        SH:  0    Dex: 15    Spells: 5 memorised, 7 levels left

rFire  . . .     SeeInvis .     f - +1 short sword
rCold  . . .     Gourm    .     a - +1 robe
rNeg   . . .     Faith    .     (no shield)
rPois  .         Spirit   .     (helmet restricted)
rElec  .         Reflect  .     (no cloak)
rCorr  .         Harm     .     (no gloves)
MR     .....                    (boots unavailable)
Stlth  +.........               u - amulet of regeneration
                                (no ring)
                                v - ring of magical power

@: confused, invisible
A: beak, talons 3, able to fly 1
a: Fly, Renounce Religion


You were on level 6 of the Dungeon.
You worshipped Vehumet.
Vehumet was noncommittal.
You were very hungry.

You visited 2 branches of the dungeon, and saw 7 of its levels.

You collected 292 gold pieces.

Inventory:

Hand Weapons
 f - a +1 short sword (weapon)
Armour
 a - a +1 robe (worn)
 s - a +4 scale mail
Jewellery
 u - an amulet of regeneration (around neck)
 v - a ring of magical power (left hand)
Wands
 c - a wand of acid (15/15)
 k - a wand of flame (18/48)
 o - a wand of paralysis (8/24)
 x - a wand of flame (14/48)
Scrolls
 q - 4 scrolls of remove curse
 r - a scroll of amnesia
Potions
 d - a potion of mutation
 g - 2 potions of degeneration
 h - a potion of heal wounds {unknown}
 i - 2 potions of brilliance
 l - a potion of lignification {unknown}
 m - a potion of might {unknown}
 n - a potion of cure mutation {unknown}
 p - a potion of curing {unknown}
Books
 b - a book of Air

   Spells                             Type                      Level
   a - Shock                          Conjuration/Air              1
   b - Swiftness                      Charms/Air                   2
   c - Repel Missiles                 Charms/Air                   2
   d - Static Discharge               Conjuration/Air              3
   e - Lightning Bolt                 Conjuration/Air              5


   Skills:
 + Level 0.8 Fighting
 + Level 3.2 Dodging
 - Level 2.0 Stealth
 + Level 6.4 Spellcasting
 + Level 7.4 Conjurations
 + Level 9.1 Air Magic


You had 7 spell levels left.
You knew the following spells:

 Your Spells              Type           Power        Failure   Level  Hunger
a - Shock                 Conj/Air       ####         1%          1    None
b - Swiftness             Chrm/Air       ###.....     2%          2    None
c - Repel Missiles        Chrm/Air       ###...       2%          2    None
d - Static Discharge      Conj/Air       #####...     1%          3    ##.....
e - Lightning Bolt        Conj/Air       #####.....   14%         5    #####..


Dungeon Overview and Level Annotations

Branches:
Dungeon (6/15)             Temple (1/1) D:4

Altars:
Ashenzari
Cheibriados
Dithmenos
Elyvilon
Fedhas
Kikubaaqudgha
Makhleb
Nemelex Xobeh
Okawaru
Qazlal
Ru
Sif Muna
Uskayaw
Vehumet
Xom
Yredelemnul
Zin
The Shining One

Annotations:
D:6 Edmund


Innate Abilities, Weirdness & Mutations

You have a beak for a mouth.
You have claws for feet.
You can fly.


Message History

The orc priest calls upon Beogh to heal the orc wizard.
The orc wizard's wounds heal themselves!
Something hits you.
A crimson imp comes into view.
The crimson imp shouts!
You bump into the rock wall.
The crimson imp moves out of view.
The orc priest mumbles some strange prayers to Beogh against you.
Pain shoots through your body!
* * * LOW HITPOINT WARNING * * *
You hear some strange, mumbled words.
You are more confused.
You bump into the rock wall.
The orc wizard casts a spell.
The orc priest hits you with a club.
* * * LOW HITPOINT WARNING * * *
Something hits you but does no damage.
It was a potion of invisibility.
You fade into invisibility!
Something hits you.
You die...

#.##.....#
#.....##.# #####..#
# ##.# .###..
#.####......
#......# ##...###
####l..#
#######@ooo#.....#
#......{#####......
#.....^.# ..#...
#.......# .## ..
#..(....# ..#....
#.......####$#....
#####..###...)....
##.....5......
#......@##...


You could see an iguana, an orc priest, an orc wizard and an orc.

Vanquished Creatures
  Grinder (D:3)
  The ghost of Philosophy the Archer, an amateur CeHu (D:4)
  2 ice beasts
  2 ogres (D:5)
  A centaur (D:5)
  A bullfrog (D:6)
  2 wights (D:6)
  2 centaur zombies (D:5)
  3 crimson imps
  3 hounds
  2 bullfrog skeletons
  An orc priest (D:3)
  A centaur skeleton (D:5)
  Ijyb (D:3)
  Terence (D:3)
  An orc wizard (D:6)
  A worker ant (D:5)
  11 adders
  4 gnolls (D:4)
  A river rat (D:5)
  2 shadow imps (D:5)
  3 worms
  3 dart slugs
  3 leopard geckos
  11 orcs
  3 ball pythons
  12 bats
  5 giant cockroaches
  4 goblins
  13 hobgoblins
  6 jackals
  A quokka (D:2)
  5 frilled lizards
  7 kobolds
  12 rats
132 creatures vanquished.

Notes
Turn   | Place    | Note
-------+----------+-------------------------------------------
     0 | D:1      | poirepourri the Tengu Air Elementalist began the quest for the Orb.
     0 | D:1      | Reached XP level 1. HP: 10/10 MP: 4/4
   328 | D:1      | Reached XP level 2. HP: 15/15 MP: 1/6
   845 | D:1      | Reached skill level 5 in Air Magic
   938 | D:1      | Reached XP level 3. HP: 19/19 MP: 2/7
  1042 | D:1      | Learned a level 2 spell: Swiftness
  1045 | D:1      | Learned a level 2 spell: Repel Missiles
  2195 | D:2      | Reached XP level 4. HP: 24/24 MP: 0/8
  2280 | D:2      | Found a sparkling altar of Nemelex Xobeh.
  2374 | D:2      | Learned a level 3 spell: Static Discharge
  2530 | D:3      | Found a shimmering altar of Xom.
  2530 | D:3      | Noticed Ijyb
  2538 | D:3      | Killed Ijyb
  2719 | D:3      | Noticed Terence
  2995 | D:3      | Killed Terence
  2995 | D:3      | Gained mutation: You can fly. [Tengu growth]
  2995 | D:3      | Reached XP level 5. HP: 20/28 MP: 0/10
  3073 | D:3      | Noticed Grinder
  3117 | D:3      | Found a shattered altar of Ashenzari.
  3235 | D:3      | Killed Grinder
  3235 | D:3      | Reached skill level 6 in Air Magic
  3235 | D:3      | Reached XP level 6. HP: 10/32 MP: 3/12
  4439 | D:3      | Learned a level 5 spell: Lightning Bolt
  4462 | D:4      | Reached XP level 7. HP: 37/37 MP: 9/14
  4652 | D:4      | Found a staircase to the Ecumenical Temple.
  4699 | Temple   | Entered the Ecumenical Temple
  4938 | D:4      | Reached skill level 7 in Air Magic
  5109 | D:4      | Found a radiant altar of Vehumet.
  5192 | D:4      | Became a worshipper of Vehumet
  5235 | D:4      | Noticed Philosophy's ghost (amateur CeHu)
  5243 | D:4      | Killed Philosophy's ghost
  5243 | D:4      | Reached skill level 5 in Conjurations
  5474 | D:4      | Found a blossoming altar of Fedhas.
  5636 | D:4      | You fall through a shaft for 2 floors!
  5641 | D:5      | Entered Level 5 of the Dungeon
  5961 | D:5      | Reached skill level 8 in Air Magic
  5961 | D:5      | Reached XP level 8. HP: 35/42 MP: 0/16
  6189 | D:5      | Reached skill level 5 in Spellcasting
  6296 | D:5      | Found a deep blue altar of Sif Muna.
  6413 | D:5      | Found a white marble altar of Elyvilon.
  7759 | D:6      | Noticed Edmund
  7810 | D:6      | Reached skill level 9 in Air Magic
  7825 | D:6      | Reached XP level 9. HP: 45/46 MP: 2/19
  7841 | D:6      | HP: 1/46 [orc priest/club (4)]
  7842 | D:6      | Slain by an orc wizard

Vault maps used:
D:1:      sevenhm_arrival_forest_fort_large_4
D:2:      lemuel_coloured_pillars_altar, nicolae_underground_beach
D:3:      lemuel_crystal_altar, ashenzari_conservatory_becter, first_bread,
          uniq_iyjb, uniq_terence, uniq_grinder
D:4:      lemuel_doored_altar, vehumet_crystals, kennysheep_donut,
          minmay_item_behind_shaft, corexii_leaking_fountain, kennysheep_potato
D:5:      kennysheep_mini_moat, lemuel_blue_sif_altar, portal_sewer_entry_e,
          hangedman_abyss_or_decor_stabs
D:6:      uniq_edmund, uniq_duvessa
Temple:   minmay_temple_curvy_loop

Skill      XL: |  1  2  3  4  5  6  7  8 |
---------------+-------------------------+-----
Air Magic      | 5 6 8 9 |  9.1
Conjurations   | 2 3 4 5 7 |  7.4
Spellcasting   | 3 4 6 |  6.4
Dodging        | 3 |  3.2
Fighting       | |  0.8
Stealth        | |  2.0

Action                   |  1- 3 |  4- 6 |  7- 9 || total
-------------------------+-------+-------+-------++-------
Melee: Short sword       |     1 |     3 |     5 ||     9
       Kick              |       |     1 |     2 ||     3
       Peck              |       |       |     1 ||     1
 Cast: Shock             |   103 |   130 |   154 ||   387
       Static Discharge  |       |     1 |     9 ||    10
       Lightning Bolt    |       |       |    10 ||    10
       Swiftness         |       |       |     1 ||     1
  Use: Scroll            |     3 |     3 |    12 ||    18
       Potion            |       |       |     3 ||     3
  Eat: Bread ration      |     1 |       |     1 ||     2
       Chunk             |     1 |     7 |     7 ||    15
       Pizza             |       |       |     1 ||     1
Armor: Robe              |     5 |     4 |    10 ||    19
Dodge: Dodged            |    28 |    35 |    46 ||   109
